cohdb
Replays
Latest Replays
All Replays
Popular Replays
Top Player Replays
Match Explorer
How It Works
Community
CoH3 Stats
Reddit
Sign in to upload your games and track your stats! →
Sign in with Steam
Match 42694308
Unlisted
Match 42694308
Overview
Messages
Build Orders
End
Panzergrenadier Squad
Panzerpioneer Squad
250 Light Carrier
Construct Light Support Kompanie
MG34 Team
Selects Armored Support Battlegroup
Selects Salvage Kits
Fire Support Elements
Panzergrenadier Squad
MG34 Team
Selects Veteran Gunners
Panzerjäger Mechanized Group
Combat Half-tracks
Flakvierling Half-track
Vehicle Survival Package
2.5-tonne Medical Truck
Construct Panzerarmee Kommand
Dave
Diesel
PÖRR8
Putka
0
0
Comments
sign in to comment!
No comments posted yet!